 Dungeon Crawl Stone Soup version 0.31-a0-233-g139696dc86 (webtiles) character file.

Game seed: 9553443871092569564

1 Morbidden the Charlatan (level 1, -1/9 HPs)
             Began as a Vine Stalker Artificer on July 8, 2023.
             Slain by a goblin
             ... wielding a +0 dagger
              (3 damage)
             ... on level 1 of the Dungeon.
             The game lasted 00:00:09 (40 turns).

Morbidden the Charlatan (Vine Stalker Artificer)      Turns: 40, Time: 00:00:09

Health: -1/9       AC:  3    Str: 14    XL:     1   Next: 20%
Magic:  0/2        EV: 11    Int: 11    God:
Gold:   0          SH:  0    Dex: 14    Spells: 0/0 levels left

rFire   . . .        a - +0 club
rCold   . . .        (no shield)
rNeg    . . .        b - +0 leather armour
rPois   .            (no helmet)
rElec   .            (no cloak)
rCorr   .            (no gloves)
SInv    .            (no boots)
Will    .....        (no amulet)
Stlth   +            (no ring)
HPRegen 0.21/turn    (no ring)
MPRegen 0.08/turn

%: guardian spirit
@: no status effects
A: fangs 2, magic shield, antimagic bite, no potion heal 2
a: no special abilities


You were on level 1 of the Dungeon.
You visited 1 branch of the dungeon, and saw 1 of its levels.

Inventory:

Hand Weapons
 a - a +0 club (weapon)
Armour
 b - a +0 leather armour (worn)
Wands
 c - a wand of flame (15) (quivered)
 d - a wand of charming (15)
 e - a wand of iceblast (5)
Potions
 f - a potion of attraction {unknown}


   Skills:
 * Level 0.8 Fighting
 * Level 1.5 Armour
 * Level 0.7 Dodging
 + Level 1.2 Stealth
 * Level 2.8 Evocations


You couldn't memorise any spells.
You didn't know any spells.
Your spell library was empty.

Dungeon Overview and Level Annotations

Branches:
Dungeon (1/15)

Altars:


Innate Abilities, Weirdness & Mutations

You have extremely sharp teeth.
When hurt, damage is shared between your health and your magic reserves.
Your bite disrupts and absorbs the magic of your enemies.
Potions cannot restore your health.


Message History

A dart slug comes into view.
Found a mace.
The hobgoblin shouts!
You hear a shout! x2
There are monsters nearby!
You closely miss the hobgoblin.
The goblin shouts!
Your bite misses the hobgoblin. The hobgoblin completely misses you.
Unknown command.
There are monsters nearby!
You hit the hobgoblin but do no damage.
The kobold throws a stone.
The stone misses you. The hobgoblin hits you.
Unknown command.
There are monsters nearby!
You hit the hobgoblin.
You bite the hobgoblin, but do no damage.
The hobgoblin is moderately wounded.
The kobold throws a stone.
The stone hits you but does no damage. The hobgoblin hits you.
The kobold throws a stone.
The stone misses you.
Unknown command.
You hit the hobgoblin.
The hobgoblin is severely wounded.
The kobold throws a stone.
The stone hits you but does no damage. The goblin hits you but does no damage.
The hobgoblin closely misses you.
There are monsters nearby!
You hit the hobgoblin.
You kill the hobgoblin!
An endoplasm comes into view.
The goblin hits you with a +0 dagger.
The kobold throws a stone.
The stone hits you. The kobold hits you with a +0 whip.
* * * LOW HITPOINT WARNING * * *
Unknown command.
You are too injured to fight recklessly!
You are too injured to fight recklessly!
You are too injured to fight recklessly!
Unknown command.
The goblin attacks as you move away! The goblin hits you with a +0 dagger.
The kobold throws a stone.
The stone hits you but does no damage.
Unknown command.
You barely miss the goblin. The goblin hits you with a +0 dagger.
You die...

......# #.# . #.....+ ..#
.. #.....# #.# ..##.....#
#.# #.......## #.####
#....K... #....#
#....†.♣♣♣♣♣♣♣♣#.#.#
...♣.♣K♣♣♣....P♣#.#.##
........g@P...P....#..####
..♣.♣.♣.♣♣..PP♣♣♣####.....
.....♣♣♣♣♣♣♣ ##+###
♣.♣#♣.. #...#. J.. #..
#.>.#. ... #.) #...#. ..
#.w. #.>.#. ## #...#.
#.>.#.


You could see a goblin and a kobold.

Vanquished Creatures
  A hobgoblin (D:1)
1 creature vanquished.

Notes
Turn   | Place    | Note
-------+----------+-------------------------------------------
     0 | D:1      | Morbidden the Vine Stalker Artificer began the quest for
                  | the Orb.
     0 | D:1      | Reached XP level 1. HP: 9/9 MP: 2/2
    40 | D:1      | Slain by a goblin

Illustrated notes

Levels and vault maps discovered:
D:1:      minmay_arrival_up_and_down, layout_basic, serial_forest,
          infiniplex_forest_end_2, infiniplex_forest_corner_2,
          infiniplex_forest_clump_double, infiniplex_forest_lined_corner,
          infiniplex_forest_end_3, infiniplex_forest_end_3,
          infiniplex_forest_zigzag_1, infiniplex_forest_lined_3

Action                     || total
---------------------------++-------
  Melee: Club              ||     6
         Bite              ||     1
 Armour: Leather armour    ||     4
  Dodge: Dodged            ||     5

Table legend: (Time is in decaauts)
 A = Elapsed time spent in this place.
 B = Non-inter-level travel time spent in this place.
 C = Inter-level travel time spent in this place.
 D = Time resting spent in this place.
 E = Time spent auto-exploring this place.
 F = Levels seen in this place.
 G = Mean time per level.
                   A        B        C        D        E       F      G
               +--------+--------+--------+--------+--------+-----+--------+
         Total |     41 |     41 |      0 |      0 |     30 |   1 |   41.0 |
       Dungeon |     41 |     41 |      0 |      0 |     30 |   1 |   41.0 |
               +--------+--------+--------+--------+--------+-----+--------+

Top non-repeatable levels by time:
     D:1: 41 daAuts
